 Dungeon Crawl Stone Soup version 0.24.0-123-gd5b16e6ec5 (webtiles) character file.

Game seed: 9751911309652204741, levelgen mode: deterministic

112 Elellon the Chopper (level 4, -1/39 HPs)
             Began as a Hill Orc Fighter on Jan 14, 2020.
             Slain by Grinder (4 damage)
             ... while paralysed by Grinder
             ... on level 3 of the Dungeon.
             The game lasted 00:02:17 (1081 turns).

Elellon the Chopper (Hill Orc Fighter)              Turns: 1081, Time: 00:02:19

Health: -1/39      AC:  7    Str: 19    XL:     4   Next: 95%
Magic:  4/4        EV:  2    Int:  8    God:
Gold:   58         SH:  0    Dex: 10    Spells: 3/3 levels left

rFire    + . .     SeeInvis .   a - +0 war axe
rCold    . . .     Gourm    .   c - +0 shield
rNeg     . . .     Faith    .   l - +2 ring mail {rF+}
rPois    .         Spirit   .   (no helmet)
rElec    .         Reflect  .   (no cloak)
rCorr    .         Harm     .   (no gloves)
MR       .....                  (no boots)
Stlth    ..........             (no amulet)
HPRegen  0.13/turn              (no ring)
MPRegen  0.09/turn              (no ring)

@: paralysed
A: no striking features
a: no special abilities


You were on level 3 of the Dungeon.
You were hungry.

You visited 1 branch of the dungeon, and saw 3 of its levels.

You collected 58 gold pieces.

Inventory:

Hand Weapons
 a - a +0 war axe (weapon)
Armour
 c - a +0 shield (worn)
 l - a +2 ring mail of fire resistance (worn)
Jewellery
 m - an uncursed ring of wizardry {unknown}
Scrolls
 e - a scroll of identify {unknown}
 h - a scroll of magic mapping {unknown}
 k - 2 scrolls of teleportation {unknown}
Potions
 b - 2 potions of flight {unknown}
 d - a potion of might
 i - a potion of invisibility {unknown}
 j - a potion of ambrosia {unknown}
 n - a potion of degeneration {unknown}
Comestibles
 f - 7 rations


   Skills:
 - Level 3.6 Fighting
 + Level 6.6 Axes
 - Level 3.2 Armour
 - Level 3.2 Shields


You had 3 spell levels left.
You didn't know any spells.
Your spell library was empty.

Dungeon Overview and Level Annotations

Branches:
Dungeon (3/15)

Altars:
Elyvilon
Hepliaklqana
Uskayaw
Xom

Annotations:
D:3 Grinder


Message History

Grinder comes into view.
Grinder is nearby!
Grinder shouts!
You closely miss Grinder.
Grinder blinks!
Grinder gestures at you. Pain shoots through your body!
* * * LOW HITPOINT WARNING * * *
Grinder blinks!
You see here a wand of iceblast (8).
You hit Grinder but do no damage. Grinder hits you.
* * * LOW HITPOINT WARNING * * *
You hit Grinder.
Grinder is lightly wounded.
You block Grinder's attack.
You slash Grinder!
Grinder is heavily wounded.
Grinder gestures at you.
You suddenly lose the ability to move!
Grinder hits you.
You die...

#..# #..# ##..#
#...# #..#######
#)........
#.##..#### #/#
.# #@# <#
###5##..#
##..).#..####
#.#..).......
####....#.>####
......#.##..#
#####....#..####
#...........
#..(.##.####


You could see Grinder.

Vanquished Creatures
  An orc priest (D:3)
  2 adders (D:2)
  An ooze (D:3)
  A worm (D:2)
  2 dart slugs (D:1)
  2 leopard geckos
  4 orcs (D:3)
  4 bats (D:1)
  2 giant cockroaches
  6 goblins
  3 hobgoblins (D:1)
  7 jackals
  A quokka (D:2)
  6 frilled lizards
  4 kobolds
  A rat (D:2)
47 creatures vanquished.

Vanquished Creatures (others)
  An orc (D:3)
1 creature vanquished.

Grand Total: 48 creatures vanquished

Notes
Turn   | Place    | Note
-------+----------+-------------------------------------------
     0 | D:1      | Elellon the Hill Orc Fighter began the quest for the Orb.
     0 | D:1      | Reached XP level 1. HP: 19/19 MP: 1/1
    23 | D:1      | Reached skill level 3 in Axes
    90 | D:1      | Reached XP level 2. HP: 26/26 MP: 2/2
   108 | D:1      | Reached skill level 4 in Axes
   219 | D:1      | Reached XP level 3. HP: 21/31 MP: 3/3
   545 | D:2      | Reached skill level 5 in Axes
   546 | D:2      | Found a hazy altar of Hepliaklqana.
   547 | D:2      | Found a shimmering altar of Xom.
   548 | D:2      | Noticed a spectral ugly thing
   675 | D:2      | Reached XP level 4. HP: 33/39 MP: 4/4
   910 | D:2      | Found a white marble altar of Elyvilon.
   911 | D:2      | Found a hide-covered altar of Uskayaw.
  1039 | D:3      | Reached skill level 6 in Axes
  1068 | D:3      | Noticed Grinder
  1080 | D:3      | Paralysed by Grinder for 6 turns
  1081 | D:3      | Slain by Grinder

Levels and vault maps discovered:
D:1:      saegor_arrival_miasma, layout_rooms
D:2:      layout_basic, regret_index_temple_of_mockery,
          gammafunk_temple_overflow_pools
D:3:      layout_loops_ring, gammafunk_ghost_stat_death, uniq_grinder,
          uniq_robin

Skill      XL: |  1  2  3  4 |
---------------+-------------+-----
Axes           | 3 4 5 6 |  6.6
Fighting       | |  3.6
Armour         | |  3.2
Shields        | |  3.2

Action                   |  1- 3 |  4- 6 || total
-------------------------+-------+-------++-------
Melee: War axe           |    79 |    40 ||   119
Armor: Scale mail        |    43 |       ||    43
       Ring mail         |     9 |    11 ||    20
Dodge: Dodged            |    35 |    11 ||    46
Block: Shield            |    51 |    21 ||    72
